Map: New Repugnancy LE

Players

SpaceMarine - Winner!

  • Race: Protoss Protoss
  • League: Diamond
  • Spawn Location: 1:00

Wanderer

  • Race: Terran Terran
  • Spawn Location: 7:00

Event: 2019 WCS Summer

VOD

Have the link to the VOD?

Description

Time

  • Played on: July 12, 2019, 9:11 a.m.
  • Length: 11:37

All games in this series

Show
View Real Time Build Order
Export as new Build Order

SpaceMarine Protoss - Winner!

Build Orders: Zealot Archon 

Get SALT Encoding   

  12  0:08  Pylon  
  12  0:13  Probe  
  13  0:26  Probe  
  13  0:27  Gateway  
  13  0:34  Probe  
  14  0:40  Assimilator  
  15  0:44  Probe  
  16  0:51  Assimilator  
  16  0:56  Probe  
  17  1:08  Probe  
  18  1:14  Cybernetics Core  
  18  1:20  Probe  
  18  1:21  Pylon  
  19  1:32  Probe  
  20  1:40  Adept  
  20  1:44  Probe  
  21  1:51  Robotics Facility  
  23  1:56  Probe  
  23  1:57  Warp Gate  
  24  2:08  Probe  
  24  2:10  Stalker  
  27  2:17  Pylon  
  27  2:28  Immortal  
  30  2:48  Stalker  
  32  2:58  Warp Prism  
  32  3:33  Immortal, Twilight Council  
  36  4:13  Observer  
  36  4:14  Nexus  
  37  4:18  Dark Shrine  
  37  4:22  Probe  
  38  4:29  Gateway  
  38  4:30  Gateway  
  38  4:35  Probe  
  39  4:55  Pylon  
  39  5:13  Probe  
  40  5:21  Probe  
  40  5:22  Probe  
  42  5:30  Probe x2  
  42  5:31  Forge  
  42  5:32  Dark Templar x3  
  50  5:39  Probe  
  50  5:40  Probe  
  51  5:47  Probe  
  51  5:49  Archon  
  51  5:52  Probe  
  51  5:55  Probe  
  53  6:04  Probe, Protoss Ground Armor Level 1  
  55  6:06  Probe  
  56  6:12  Nexus  
  56  6:15  Pylon  
  56  6:17  Probe  
  57  6:18  Probe  
  58  6:29  Probe  
  58  6:30  Adept  
  58  6:32  Probe  
  58  6:41  Probe  
  58  6:44  Probe  
  58  6:45  Charge, Assimilator  
  60  6:48  Assimilator  
  60  6:54  Probe  
  61  6:56  Probe  
  62  7:09  Probe  
  62  7:11  Probe  
  64  7:20  Probe x3, Zealot x2, Sentry  
  70  7:23  Pylon  
  70  7:25  Pylon  
  70  7:28  Probe x3  
  73  7:30  Pylon  
  73  7:31  Observer  
  73  7:34  Gateway  
  77  7:38  Gateway  
  77  7:39  Probe x2  
  77  7:41  Probe  
  80  7:44  Gateway  
  80  7:47  Gateway  
  80  7:49  Pylon  
  80  7:51  Pylon  
  80  7:52  Probe  
  80  7:53  Probe  
  80  7:54  Probe  
  83  8:01  Protoss Ground Armor Level 2, Zealot x2  
  83  8:02  Zealot  
  91  8:10  Blink  
  89  8:13  Observer  
  89  8:17  Templar Archives  
  89  8:24  Nexus  
  89  8:26  Pylon  
  89  8:29  Observer  
  89  8:43  Zealot x2  
  89  8:44  Zealot x5  
  89  8:47  Probe x2, Pylon  
  105  9:00  Probe  
  105  9:01  Probe x2  
  108  9:07  High Templar x4  
  108  9:08  High Templar x2  
  108  9:09  Zealot  
  122  9:13  Probe  
  122  9:14  Probe x2  
  122  9:15  Archon, Gateway  
  122  9:16  Archon x2, Gateway  
  125  9:19  Gateway  
  124  9:25  Probe  
  124  9:26  Probe  
  124  9:29  Probe  
  127  9:37  Stalker  
  129  9:40  Stalker x5  
  129  9:41  Pylon  
  139  10:03  Zealot x5  
  139  10:04  Zealot x2  
  153  10:17  Stalker x3  
  153  10:18  Probe  
  153  10:19  Probe x3  
  153  10:20  Assimilator  
  163  10:22  Assimilator  
  135  10:38  Zealot x6  
  135  10:39  Zealot  
  145  10:43  Zealot x3  
  139  10:58  Stalker x2  
  139  10:59  Stalker x4  
  149  11:08  Zealot x4  
  157  11:23  Zealot x6  
  153  11:27  Robotics Facility  
  153  11:28  Robotics Facility  
  153  11:29  Robotics Bay  
  135  11:33  Zealot x4  
Show
View Real Time Build Order
Export as new Build Order

Wanderer Terran 

Build Orders:  

Get SALT Encoding   

  12  0:00  SCV  
  13  0:12  SCV  
  14  0:17  Supply Depot  
  14  0:24  SCV  
  15  0:38  SCV  
  15  0:40  Barracks  
  16  0:42  Refinery  
  16  0:51  SCV  
  17  0:59  Barracks  
  17  1:03  SCV  
  18  1:11  Supply Depot  
  18  1:15  SCV  
  19  1:29  Orbital Command  
  19  1:32  Reaper  
  20  1:47  Reaper  
  21  1:54  SCV  
  22  2:04  Reaper  
  22  2:07  SCV  
  24  2:13  Command Center  
  24  2:19  Refinery, SCV  
  24  2:22  Reaper  
  26  2:31  SCV  
  26  2:34  Barracks  
  27  2:43  SCV  
  27  2:55  SCV  
  27  2:56  Supply Depot  
  28  2:59  Factory  
  28  3:02  Supply Depot  
  28  3:08  SCV  
  28  3:20  SCV  
  28  3:21  Barracks Tech Lab  
  28  3:22  Marine  
  28  3:23  Marine  
  28  3:25  Marine  
  31  3:28  Bunker  
  31  3:32  SCV  
  32  3:40  Marine  
  32  3:42  Marine  
  32  3:44  SCV  
  32  3:47  Factory Tech Lab  
  33  3:52  Marine  
  33  3:56  SCV  
  33  3:58  Marine  
  33  4:00  Marine  
  33  4:01  Bunker  
  36  4:08  SCV  
  37  4:15  Siege Tank  
  40  4:18  Barracks Tech Lab  
  40  4:25  Marine x2  
  40  4:27  SCV  
  43  4:31  Bunker  
  42  5:03  Siege Tank, SCV  
  43  5:10  Engineering Bay  
  43  5:21  Orbital Command  
  43  5:22  Marine  
  43  5:23  Marine  
  45  5:37  Missile Turret  
  45  5:40  Marine  
  46  5:43  Siege Tank  
  46  5:44  Barracks Tech Lab  
  46  5:47  Starport  
  49  5:58  Barracks Reactor  
  49  6:00  Barracks Tech Lab, SCV  
  50  6:06  Supply Depot  
  50  6:10  Marine  
  51  6:13  SCV  
  51  6:15  Orbital Command  
  52  6:22  Stimpack  
  52  6:23  Marine  
  52  6:25  SCV  
  54  6:28  Marine  
  53  6:41  Missile Turret  
  53  6:42  SCV  
  53  6:44  SCV  
  53  6:46  Marine x2  
  57  6:49  Refinery  
  57  6:54  Supply Depot  
  53  7:06  SCV  
  49  7:09  Combat Shield, Marine, SCV  
  51  7:18  SCV  
  51  7:19  Raven  
  51  7:21  SCV  
  55  7:30  SCV  
  55  7:33  Factory Reactor, Marine x2, SCV  
  55  7:34  Marine x2  
  61  7:38  Bunker  
  61  7:42  SCV  
  62  7:45  SCV  
  63  7:51  Marine, Terran Infantry Weapons Level 1  
  63  7:52  Marauder x2  
  63  7:54  Supply Depot  
  68  8:00  Marine  
  68  8:01  SCV  
  70  8:07  Supply Depot  
  70  8:10  SCV  
  71  8:13  Marauder, SCV  
  71  8:18  Marine  
  71  8:19  Marauder  
  77  8:22  SCV  
  77  8:25  SCV  
  78  8:27  Medivac  
  78  8:29  Siege Tank, Concussive Shells  
  82  8:38  Marine x2, Marauder  
  82  8:39  Marine  
  82  8:40  Supply Depot  
  87  8:45  Supply Depot  
  87  8:48  Barracks, Medivac  
  87  8:49  Barracks  
  89  8:56  Supply Depot  
  89  8:57  Marine x2  
  89  8:58  Marauder  
  89  9:02  Marauder, Medivac  
  97  9:04  Supply Depot  
  97  9:15  Marine  
  98  9:18  Medivac  
  98  9:19  Marauder  
  98  9:23  Marine  
  105  9:24  Marauder  
  105  9:33  Marine  
  105  9:36  Factory Reactor  
  105  9:37  Barracks Reactor  
  106  9:40  Marauder  
  106  9:41  SCV x2  
  110  9:52  Marauder, Marine  
  109  10:02  Marine  
  109  10:03  Marauder, Marine  
  109  10:06  SCV  
  114  10:09  Marine  
  114  10:10  SCV  
  114  10:13  Marine  
  117  10:17  Marine x2  
  101  10:37  Marine x4  
  101  10:38  Marauder x2  
  109  10:55  Marine x3  
  109  10:56  Widow Mine  
  103  10:59  Marauder  
  103  11:03  Marauder, Marine x2  
  106  11:13  Marine  
  106  11:15  Marine x2  
Tags
 
Add a new tag
Caveats
  • Supply blocks, unpowered buildings, or Contaminate may cause inaccurate times.
  • Supply counts are checked every 10 seconds.